 Dungeon Crawl Stone Soup version 0.15-a0-1656-gb4d1502 (webtiles) character file.

1492 Nikss the Grave Robber (level 8, -11/59 HPs)
             Began as a Pale Draconian Necromancer on June 23, 2014.
             Killed by divine providence
             ... invoked by an orc priest
              (16 damage)
             ... on Level 6 of the Dungeon.
             The game lasted 01:44:30 (8592 turns).

Nikss the Grave Robber (Pale Draconian Necromancer) Turns: 8592, Time: 01:44:30

HP -11/59        AC  7     Str 10      XL: 8   Next: 51%
MP   0/21        EV 13     Int 17      God:
Gold 258         SH  0     Dex 10 (13) Spells:  2 memorised, 17 levels left

rFire  x . .     SeeInvis +     G - +3 halberd
rCold  + . .     Clarity  .     (armour unavailable)
rNeg   . . .     rCorr    .     (no shield)
rPois  .         rRot     .     (helmet restricted)
rElec  .         Spirit   +     (no cloak)
SustAb .         Warding  .     (no gloves)
rMut   .         Stasis   .     n - +0 pair of boots
Gourm  .                        C - amulet of guardian spirit
MR     .....                    p - ring of ice
                                U - ring of see invisible

@: not resistant to hostile enchantments, unstealthy
A: breathe steam, unfitting armour, cold-blooded, AC +6
a: Breathe Steam


You were on level 6 of the Dungeon.
You were hungry.

You visited 1 branch of the dungeon, and saw 6 of its levels.

You collected 258 gold pieces.

Inventory:

Hand weapons
 e - a +0 spear
 j - a +0 sling
 m - a +0 spear
 o - a +0 halberd
 v - a +0 club
 w - a +0 sling
 x - a +0 club
 y - a +0 short sword
 z - a +0 club
 A - a +0 spear
 B - a +0 mace
 G - a +3 halberd (weapon)
 H - a +0 dagger
 I - a +0 club
 L - a +0 falchion
 N - a +0 club
 P - a +0 club
 S - a +0 dagger
 X - a +0 sling
 Y - a +0 club
 Z - a +0 dagger
Missiles
 a - 6 tomahawks
 i - 320 stones (quivered)
 q - 59 arrows
 V - 16 bolts
Armour
 n - a +0 pair of boots (worn)
Magical devices
 s - a wand of flame (15)
Comestibles
 d - 4 chunks of orc flesh
 h - 2 rotting chunks of orc flesh
 k - a fruit
 E - 2 meat rations
 Q - a beef jerky
 T - 3 bread rations
 W - a slice of pizza
Scrolls
 l - a scroll of silence
 r - 3 scrolls of blinking
 M - 3 scrolls of noise
 R - 3 scrolls of remove curse
Jewellery
 p - a ring of ice (right hand)
 C - an amulet of guardian spirit (around neck)
 D - an uncursed ring of loudness
 O - an uncursed amulet of inaccuracy
 U - a ring of see invisible (left hand)
Potions
 f - a potion of curing
 F - a potion of invisibility
 J - a potion of lignification
Books
 b - a book of Necromancy

   Spells                             Type                      Level
   *Pain                              Necromancy                   1
   *Animate Skeleton                  Necromancy                   1
   Vampiric Draining                  Necromancy                   3
   Regeneration                       Charms/Necromancy            3
   Animate Dead                       Necromancy                   4
   Control Undead                     Necromancy                   4
 c - a book of the Sky

   Spells                             Type                      Level
   Flight                             Charms/Air                   3
   Airstrike                          Air                          4
   Silence                            Hexes/Air                    5
   Deflect Missiles                   Charms/Air                   6
   Conjure Ball Lightning             Conjuration/Air              6
   Tornado                            Air                          9
 t - a book of Power

   Spells                             Type                      Level
   Fulminant Prism                    Conjuration/Hexes            4
   Iskenderun's Mystic Blast          Conjuration                  4
   Venom Bolt                         Conjuration/Poison           5
   Bolt of Magma                      Conjuration/Fire/Earth       5
   Iron Shot                          Conjuration/Earth            6
   Orb of Destruction                 Conjuration                  7
 u - a book of Geomancy

   Spells                             Type                      Level
   Sandblast                          Earth                        1
   Stoneskin                          Transmutation/Earth          2
   Passwall                           Transmutation/Earth          3
   Stone Arrow                        Conjuration/Earth            3
   Petrify                            Transmutation/Earth          4
   Lee's Rapid Deconstruction         Earth                        5
Magical staves
 K - an uncursed staff of cold


   Skills:
 + Level 1.4 Fighting
 + Level 1.2 Polearms
 + Level 0.3 Throwing
 + Level 4.4 Dodging
 + Level 2.4 Stealth
 + Level 6.0 Spellcasting
 + Level 7.7 Necromancy


You had 17 spell levels left.
You knew the following spells:

 Your Spells              Type           Power        Failure   Level  Hunger
a - Pain                  Necr           ####         1%          1    None
b - Animate Skeleton      Necr           N/A          1%          1    None


Dungeon Overview and Level Annotations

Branches:
Dungeon (6/15)             Temple (0/1) D:5

Altars:


Innate Abilities, Weirdness & Mutations

You can breathe blasts of scalding steam.
Your pale cyan-grey scales are hard (AC +6).
Your body does not fit into most forms of armour.
Your cold-blooded metabolism reacts poorly to cold.


Message History

* * * LOW HITPOINT WARNING * * *
You see here 4 chunks of orc flesh.
Drink which item? (? for menu, Esc to quit)
You feel better.
The orc priest calls down the wrath of Beogh upon you.
Something smites you!
* * * LOW HITPOINT WARNING * * *
What do you say? t - Shout!
Orders for allies: a - Attack new target. r - Retreat! s - Stop attacking. w - Wait here. f - Follow me.
Anything else - Stay silent.
Gang up on whom?
Press: ? - help, Dir - move target cursor, f - orc priest
Aim: an orc priest wearing a leather armour Attack!
The orc priest calls down the wrath of Beogh upon you.
Something smites you!
You die...

.....##.....########
.....##............#
.....##...#.....##.#
.....##..>#......#
........#.#####..#.
........#.# #..#.#
.....##.#.#####.$#.#
#.#.#...o......ZZ#o#
#.#.#.#.#.######@#o#
#.#.#.#.#.# #.#o#
#.#.#.#.# # #.#§#
#.#.#.#.#.######.#§#######
..#.#.#.#........)........
#.#.# #........##o######
#.#. .######## # #.# #.#


You could see an orc priest and 2 friendly orc skeletons.

Vanquished Creatures
  A phantom (D:5)
  A sky beast (D:6)
  3 giant frogs (D:6)
  3 scorpions (D:4)
  2 jellies (D:5)
  4 orc priests (D:6)
  An iguana (D:4)
  4 hounds
  A black bear skeleton (D:4)
  3 worker ants (D:4)
  2 orc wizards
  Jessica (D:3)
  An ogre skeleton (D:4)
  Terence (D:3)
  10 adders
  4 gnolls
  A giant mite (D:5)
  2 worms
  An iguana skeleton (D:5)
  An orc skeleton (D:4)
  17 orcs
  Natasha (D:3)
  A ball python (D:5)
  4 giant cockroaches
  11 goblins
  12 hobgoblins
  4 jackals
  7 kobolds
  3 quokkas
  A ball python skeleton (D:5)
  5 bats
  4 giant geckos
  A giant gecko skeleton (D:5)
  2 giant newts
  7 rats
127 creatures vanquished.

Vanquished Creatures (collateral kills)
  An ice beast (D:6)
  A centaur (D:6)
  A crimson imp (D:5)
  A quasit (D:6)
  Natasha (twice) (D:3)
  3 gnolls
  An adder (D:4)
  3 bats
  A hobgoblin (D:3)
  2 jackals (D:6)
  4 kobolds
  3 giant newts (D:2)
  A gnoll skeleton (D:5)
  3 goblins
  An orc skeleton (D:4)
  A rat (D:2)
29 creatures vanquished.

Vanquished Creatures (others)
  5 adder skeletons
  3 bat skeletons (D:2)
  A giant gecko skeleton (D:4)
  2 giant newt skeletons (D:2)
  3 gnoll skeletons
  4 goblin skeletons
  4 hobgoblin skeletons
  3 jackal skeletons
  3 kobold skeletons
  9 orc skeletons
  A quokka skeleton (D:3)
  3 rat skeletons
41 creatures vanquished.

Grand Total: 197 creatures vanquished

Notes
Turn   | Place    | Note
--------------------------------------------------------------
     0 | D:1      | Nikss, the Draconian Necromancer, began the quest for the Orb.
     0 | D:1      | Reached XP level 1. HP: 14/14 MP: 3/3
   918 | D:1      | Reached XP level 2. HP: 17/20 MP: 4/4
   923 | D:1      | Learned a level 1 spell: Animate Skeleton
  1383 | D:2      | Reached XP level 3. HP: 13/26 MP: 3/6
  2169 | D:2      | Reached XP level 4. HP: 25/34 MP: 7/7
  2735 | D:3      | Reached skill level 1 in Fighting
  2898 | D:3      | Noticed Natasha
  2904 | D:3      | Killed Natasha
  2904 | D:3      | Reached skill level 5 in Necromancy
  3298 | D:3      | Noticed Jessica
  3302 | D:3      | Killed Jessica
  3302 | D:3      | Reached XP level 5. HP: 36/40 MP: 7/9
  3333 | D:3      | Noticed Terence
  3355 | D:3      | Killed Terence
  3431 | D:3      | Noticed Natasha
  3438 | D:3      | Killed Natasha
  3824 | D:3      | Noticed Natasha
  3830 | D:3      | Killed Natasha
  4252 | D:4      | Reached XP level 6. HP: 43/47 MP: 8/13
  5264 | D:4      | Reached skill level 6 in Necromancy
  5866 | D:5      | Entered Level 5 of the Dungeon
  5926 | D:5      | Your scales start fading to a pale cyan-grey colour.
  5926 | D:5      | Reached XP level 7. HP: 48/52 MP: 12/17
  6109 | D:5      | Reached skill level 1 in Polearms
  6195 | D:5      | Found a staircase to the Ecumenical Temple.
  7197 | D:6      | Reached skill level 5 in Spellcasting
  7197 | D:6      | Reached skill level 7 in Necromancy
  7462 | D:6      | Reached XP level 8. HP: 44/59 MP: 11/20
  8592 | D:6      | Killed from afar by an orc priest

Action                   |  1- 3 |  4- 6 |  7- 9 || total
-------------------------+-------+-------+-------++-------
Melee: Spear             |    77 |       |       ||    77
       Halberd           |     1 |    71 |   104 ||   176
Throw: Stone             |       |    21 |       ||    21
 Cast: Animate Skeleton  |    12 |    16 |    23 ||    51
       Pain              |     5 |    84 |    87 ||   176
 Abil: Breathe Steam     |       |       |    19 ||    19
Evoke: Wand              |     1 |       |       ||     1
  Use: Scroll            |     3 |     7 |     7 ||    17
       Potion            |       |     7 |     4 ||    11
 Stab: Distracted        |       |     1 |       ||     1
